 Dungeon Crawl Stone Soup version 0.24-a0-378-g94936e539c (webtiles) character file.

Game seed: 15554652382680235462

42 ohad the Changer (level 3, -4/23 HPs)
             Began as an Octopode Transmuter on June 1, 2019.
             Slain by a worm (11 damage)
             ... on level 2 of the Dungeon.
             The game lasted 00:02:47 (1246 turns).

ohad the Changer (Octopode Transmuter)              Turns: 1246, Time: 00:02:48

Health: -4/23      AC:  1    Str:  9    XL:     3   Next: 56%
Magic:  6/6        EV: 13    Int: 16    God:
Gold:   42         SH:  0    Dex: 12    Spells: 3/6 levels left

rFire    . . .     SeeInvis .     - Unarmed
rCold    . . .     Gourm    .   (no shield)
rNeg     . . .     Faith    .   (helmet restricted)
rPois    .         Spirit   .   (no amulet)
rElec    .         Reflect  .   (no ring)
rCorr    .         Harm     .   (no ring)
MR       .....                  (no ring)
Stlth    ++........             (no ring)
HPRegen  0.07/turn              (no ring)
MPRegen  0.10/turn              (no ring)
                                (no ring)
                                (no ring)

@: appendage
A: almost no armour, stealthy swim, amphibious, 8 rings, constrict 8, tentacle
spike 3, camouflage 1, gelatinous body 1
a: End Transformation


You were on level 2 of the Dungeon.
You were not hungry.
One of your tentacles had a temporary spike.
You visited 1 branch of the dungeon, and saw 2 of its levels.

You collected 42 gold pieces.

Inventory:

Missiles
 a - 48 arrows
 e - 13 poisoned darts (quivered)
 h - 4 javelins
Scrolls
 b - 2 scrolls of identify {unknown}
 g - a scroll of enchant weapon {unknown}
Potions
 f - a potion of degeneration {unknown}
 i - a potion of cancellation {unknown}
Comestibles
 c - 3 rations


   Skills:
 - Level 1.0 Fighting
 - Level 2.0 Dodging
 - Level 3.0 Unarmed Combat
 + Level 2.0 Spellcasting
 - Level 3.8 Transmutations


You had 3 spell levels left.
You knew the following spells:

 Your Spells              Type           Power        Failure   Level  Hunger
a - Beastly Appendage     Tmut           ##....       4%          1    #......
b - Sticks to Snakes      Tmut           ##......     6%          2    ###....

Your spell library contained the following spells:

 Spells                   Type           Power        Failure   Level  Hunger
 Spider Form              Tmut/Pois      #.........   28%         3    ###....
 Ice Form                 Ice/Tmut       #.......     67%         4    #####..
 Blade Hands              Tmut           ##........   75%         5    ######.


Dungeon Overview and Level Annotations

Branches:
Dungeon (2/15)

Altars:


Innate Abilities, Weirdness & Mutations

You cannot wear most types of armour.
You are very stealthy in the water. (Stealth+)
You are amphibious.
You can wear up to eight rings at the same time.
You can use your tentacles to constrict eight enemies at once.
Your skin changes colour to match your surroundings (Stealth+).
Your rubbery body absorbs attacks. (AC +1, EV +1)
One of your tentacles bears a large vicious spike.


Message History

A rat comes into view.
The helpless rat fails to defend itself.
You tentacle-slap the rat.
You kill the rat!
A worm and a goblin come into view.
The worm moves out of view.
The goblin wields a +0 hunting sling.
The goblin shoots a stone.
The stone closely misses you.
Casting: Beastly Appendage (safe; 4% risk of failure)
Confirm with . or Enter, or press ? or * to list all spells.
One of your tentacles grows a vicious spike.
The goblin shoots a stone.
The stone hits you.
You see here 2 stones.
The goblin shoots a stone.
The stone closely misses you.
The goblin shoots a stone.
The stone hits you!
You see here 2 stones.
The goblin shoots a stone.
The stone hits you!
You see here a stone.
The worm bites you!
You die...

##.#.####......
#.#...........
##.######......
#...# #.......
#...# #.......
####...##
#.....#.
#(......#
#[....#.
#.##.##.#
#....... #@##.#
.# ###...##
#w##.# .# .###.
#g##.##.# .# #.
#(......###.
#.........
#.......##
#.......#
#.......#
#.......#


You could see a worm and a goblin.

Vanquished Creatures
  An adder (D:2)
  An ooze (D:1)
  A worm (D:2)
  A dart slug (D:1)
  A leopard gecko (D:1)
  A giant cockroach (D:2)
  A goblin (D:1)
  3 hobgoblins
  A quokka (D:2)
  A bat (D:2)
  3 frilled lizards
  4 kobolds (D:1)
  7 rats
26 creatures vanquished.

Notes
Turn   | Place    | Note
-------+----------+-------------------------------------------
     0 | D:1      | ohad the Octopode Transmuter began the quest for the Orb.
     0 | D:1      | Reached XP level 1. HP: 13/13 MP: 3/3
   202 | D:1      | Reached XP level 2. HP: 12/18 MP: 5/5
   790 | D:1      | Learned a level 2 spell: Sticks to Snakes
   795 | D:2      | Reached XP level 3. HP: 23/23 MP: 6/6
  1246 | D:2      | Slain by a worm

Levels and vault maps discovered:
D:1:      dpeg_arrival_central, layout_loops_ring
D:2:      layout_loops_cross, kennysheep_big_empty_room, uniq_sigmund

Skill      XL: |  1  2 |
---------------+-------+-----
Transmutations | 3 |  3.8
Fighting       | |  1.0
Dodging        | |  2.0
Unarmed Combat | |  3.0
Spellcasting   | |  2.0

Action                   || total
-------------------------++-------
Melee: Unarmed           ||    61
       Constrict         ||    17
       Tentacles         ||     5
       Kick              ||     4
       Punch             ||     2
 Cast: Beastly Appendage ||     7
 Stab: Sleeping          ||     6
       Distracted        ||     1
  Eat: Chunk             ||     1
Armor: Skin              ||     5
Dodge: Dodged            ||    27

Table legend:
 A = Non-vault XP
 B = Vault XP
 C = Vault XP percentage of total XP
 D = Non-vault monster count
 E = Vault monster count
 F = Vault count percentage of total count
                 A         B        C        D         E       F
            +---------+---------+-------+---------+---------+-------
      Total |      61 |       0 |   0.0 |      26 |       0 |   0.0
            +---------+---------+-------+---------+---------+-------
        D:1 |      33 |       0 |   0.0 |      17 |       0 |   0.0
        D:2 |      28 |       0 |   0.0 |       9 |       0 |   0.0
            +---------+---------+-------+---------+---------+-------
